 Dungeon Crawl Stone Soup version 0.26.0-18-gc5c842f807 (webtiles) character file.

Game seed: 6193781104814156256

1142 thiole the Sneak (level 8, -1/51 HPs)
             Began as an Octopode Hedge Wizard on Jan 23, 2021.
             Slain by an ogre
             ... wielding a +0 giant club
              (17 damage)
             ... on level 7 of the Dungeon.
             The game lasted 00:16:48 (6008 turns).

thiole the Sneak (Octopode Hedge Wizard)            Turns: 6008, Time: 00:16:49

Health: -1/51      AC:  1    Str: 10    XL:     8   Next: 37%
Magic:  0/14       EV: 13    Int: 18    God:
Gold:   185        SH:  0    Dex: 11    Spells: 8/16 levels left

rFire    + . .     SeeInvis .   r - +6 great sword
rCold    . . .     Faith    .   (shield currently unavailable)
rNeg     . . .     Spirit   +   b - +0 hat
rPois    .         Reflect  .   B - amulet of guardian spirit
rElec    .         Harm     .   w - ring of fire
rCorr    .         Rampage  .   g - ring of ice
Will     .....                  C - ring of protection from fire
Stlth    ++++......             (no ring)
HPRegen  0.17/turn              (no ring)
MPRegen  0.14/turn              (no ring)
                                (no ring)
                                (no ring)

@: no status effects
A: almost no armour, stealthy swim, amphibious, 8 rings, constrict 8, camouflage
1, gelatinous body 1
a: no special abilities


You were on level 7 of the Dungeon.
You visited 1 branch of the dungeon, and saw 7 of its levels.

You collected 185 gold pieces.

Inventory:

Hand Weapons
 a - a +0 dagger
 m - a +1 mace of protection
 p - a +0 dagger of venom
 r - a +6 great sword (weapon)
 s - a +2 hand axe of freezing
Armour
 b - a +0 hat (worn)
Jewellery
 g - a ring of ice (right tentacle)
 w - a ring of fire (left tentacle)
 B - an amulet of guardian spirit (around mantle)
 C - a ring of protection from fire (on tentacle)
Wands
 i - a wand of enslavement (20)
Scrolls
 d - 5 scrolls of remove curse
 e - 2 scrolls of teleportation
 h - 3 scrolls of random uselessness {unknown}
 j - a scroll of enchant armour {unknown}
 k - a scroll of enchant weapon
 n - a scroll of magic mapping {unknown}
 q - a scroll of amnesia
 v - a scroll of fog {unknown}
 y - a scroll of immolation {unknown}
 A - 3 scrolls of identify
Potions
 c - a potion of might
 f - 2 potions of ambrosia
 o - a potion of haste {unknown}
 t - a potion of curing
 u - 2 potions of resistance {unknown}
 x - 2 potions of flight {unknown}
 z - a potion of brilliance {unknown}


   Skills:
 + Level 2.4 Fighting
 - Level 2.0 Dodging
 + Level 5.9 Stealth
 + Level 4.5 Spellcasting
 * Level 3.9 Conjurations
 - Level 2.0 Summonings
 - Level 1.0 Translocations
 + Level 3.0 Ice Magic
 * Level 4.8 Air Magic


You had 8 spell levels left.
You knew the following spells:

 Your Spells              Type           Power        Failure   Level
a - Magic Dart            Conj           72%          2%          1
b - Call Imp              Summ           11%          10%         2
c - Slow                  Hex            4%           22%         2
d - Mephitic Cloud        Conj/Pois/Air  14%          12%         3

Your spell library contained the following spells:

 Spells                   Type           Power        Failure   Level
 Searing Ray              Conj           36%          4%          2
 Beastly Appendage        Tmut           8%           14%         1
 Blink                    Tloc           N/A          14%         2
 Conjure Flame            Conj/Fire      16%          19%         3
 Dazzling Flash           Conj/Hex       22%          19%         3
 Wereblood                Tmut           4%           22%         2
 Spider Form              Tmut/Pois      2%           38%         3
 Iskenderun's Mystic Bla  Conj/Tloc      13%          45%         4
 Fulminant Prism          Conj/Hex       5%           52%         4
 Ice Form                 Ice/Tmut       14%          58%         4
 Blade Hands              Tmut           2%           98%         5


Dungeon Overview and Level Annotations

Branches:
Dungeon (7/15)
 Temple: D:4-7

Altars:
Makhleb
Nemelex Xobeh
Uskayaw
Zin


Innate Abilities, Weirdness & Mutations

You cannot wear most types of armour.
You are very stealthy in the water. (Stealth+)
You are amphibious.
You can wear up to eight rings at the same time.
You can use your tentacles to constrict eight enemies at once.
Your skin changes colour to match your surroundings (Stealth+).
Your rubbery body absorbs attacks. (AC +1, EV +1)


Message History

Confirm with . or Enter, or press ? or * to list all spells.
A beastly little devil appears in a puff of flame.
The ogre hits your crimson imp with a +0 giant club!
Casting: Call Imp (safe; 10% risk of failure)
Confirm with . or Enter, or press ? or * to list all spells.
A beastly little devil appears in a puff of flame.
Your crimson imp blinks!
Your shadow imp disappears in a puff of smoke!
Your crimson imp hits the ogre. x2
You hit the ogre.
The ogre is moderately wounded.
Your crimson imp blinks!
The ogre hits you with a +0 giant club!!
Your crimson imp hits the ogre.
The ogre misses you.
You slash the ogre!
The ogre is severely wounded.
Your crimson imp barely misses the ogre.
Your crimson imp hits the ogre. x2
The ogre hits you with a +0 giant club!!
You die...

.....># . .#...
#......#. .....
........# ....
........##5.# ..##.8
.......§....###...#...#
........5....#....^.....
#.....oO†.# ..)........
#......@5# ##........##
##....#..## #.........#.
#.... #...###..##.......
#......#.......)........
##.....####.#...........
#..... #.#.##..........
...... ....##.##.......
...### .....#.##.......
<.# #.......#.......


You could see an ogre, an orc and 3 friendly crimson imps.

Vanquished Creatures
  Purgy (D:3)
  A centaur (D:5)
  7 wights
  A hound (D:5)
  4 orc priests
  2 orc wizards
  A centaur skeleton (D:7)
  2 worker ants
  A hound skeleton (D:7)
  A worker ant zombie (D:7)
  A howler monkey skeleton (D:7)
  8 adders
  A shadow imp (D:5)
  2 white imps
  An ooze (D:2)
  5 worms
  4 dart slugs
  5 leopard geckos
  14 orcs
  7 bats
  7 giant cockroaches
  8 goblins
  8 hobgoblins
  4 jackals
  3 quokkas
  2 ball pythons
  5 frilled lizards
  A jackal skeleton (D:4)
  10 kobolds
  A quokka skeleton (D:4)
  4 rats
122 creatures vanquished.

Vanquished Creatures (collateral kills)
  2 ogres
  A howler monkey (D:4)
  A worker ant (D:7)
  A hound skeleton (D:4)
  An ufetubus (D:7)
  A leopard gecko (D:7)
  A frilled lizard (D:4)
8 creatures vanquished.

Vanquished Creatures (others)
  A wight (D:7)
  11 plants
12 creatures vanquished.

Grand Total: 142 creatures vanquished

Notes
Turn   | Place    | Note
-------+----------+-------------------------------------------
     0 | D:1      | thiole the Octopode Hedge Wizard began the quest for the
                  | Orb.
     0 | D:1      | Reached XP level 1. HP: 11/11 MP: 4/4
   152 | D:1      | Reached XP level 2. HP: 17/17 MP: 4/6
   354 | D:1      | Reached skill level 3 in Stealth
   703 | D:1      | Reached XP level 3. HP: 21/21 MP: 4/7
   935 | D:1      | Learned a level 2 spell: Call Imp
   938 | D:1      | Learned a level 2 spell: Slow
   942 | D:1      | Learned a level 3 spell: Mephitic Cloud
  1368 | D:2      | Reached XP level 4. HP: 11/27 MP: 8/8
  1658 | D:2      | Reached skill level 1 in Air Magic
  2208 | D:2      | Noticed a +0 hand axe
  2212 | D:2      | Noticed a +0 hand axe
  2234 | D:2      | Found a hide-covered altar of Uskayaw.
  2526 | D:2      | Found a burning altar of Makhleb.
  2992 | D:3      | Reached skill level 4 in Stealth
  2992 | D:3      | Reached XP level 5. HP: 28/31 MP: 1/10
  3000 | D:3      | Reached skill level 1 in Ice Magic
  3141 | D:3      | Reached XP level 6. HP: 34/36 MP: 7/11
  3376 | D:3      | Noticed Purgy
  3394 | D:3      | Killed Purgy
  3763 | D:4      | Noticed a phantom
  3944 | D:4      | Reached skill level 1 in Fighting
  4070 | D:4      | Reached XP level 7. HP: 35/43 MP: 2/13
  4074 | D:4      | You fall into a shaft and drop 1 floor!
  4074 | D:5      | Entered Level 5 of the Dungeon
  4197 | D:5      | Reached skill level 5 in Stealth
  4205 | D:5      | Identified the +2 robe of Evolution {-Cast rPois Regen+}
  4347 | D:4      | Found a glowing silver altar of Zin.
  4609 | D:4      | Found a sparkling altar of Nemelex Xobeh.
  5759 | D:6      | Reached XP level 8. HP: 27/50 MP: 7/14
  6008 | D:7      | Slain by an ogre

Illustrated notes

Levels and vault maps discovered:
D:1:      dpeg_arrival_long_road, layout_rooms
D:2:      layout_loops_ring, dancing_weapons_uskayaw, lemuel_round_altar,
          minmay_tree_intersection, serial_bayou_pond_b
D:3:      layout_rooms, serial_bayou, serial_bayou_lagoon_a,
          serial_bayou_pond_d, serial_bayou_lagoon_b, serial_bayou_pond_e,
          serial_bayou_shore_b, uniq_purgy
D:4:      layout_basic, kennysheep_mini_moat, nemelex_spade_bored_becter
D:5:      layout_cave_pools
D:6:      layout_layer_cave, lemuel_round_altar, uniq_blork_the_orc
D:7:      layout_cave_pools, minmay_temple_entry_waves, trog_book, uniq_maggie

Skill      XL: |  1  2  3  4  5  6  7  8 |
---------------+-------------------------+-----
Stealth        | 3 4 5 |  5.9
Conjurations   | 2 3 |  3.9
Summonings     | 2 |  2.0
Air Magic      | 2 3 4 |  4.8
Ice Magic      | 1 2 3 |  3.0
Fighting       | 1 2 |  2.4
Spellcasting   | 4 |  4.5
Dodging        | |  2.0
Translocations | |  1.0

Action                   |  1- 3 |  4- 6 |  7- 9 || total
-------------------------+-------+-------+-------++-------
Melee: Dagger            |    40 |    18 |       ||    58
       Tentacles         |     8 |    12 |     9 ||    29
       Constrict         |     9 |    19 |    23 ||    51
       Mace              |       |    50 |     3 ||    53
       Great sword       |       |       |    52 ||    52
 Cast: Magic Dart        |    74 |   111 |    59 ||   244
       Call Imp          |       |    16 |     7 ||    23
Evoke: Wand              |       |       |     1 ||     1
  Use: Scroll            |     1 |     4 |     2 ||     7
       Potion            |     1 |     1 |     3 ||     5
 Stab: Distracted        |       |     1 |       ||     1
       Sleeping          |       |     2 |     3 ||     5
Armor: Skin              |       |    29 |     2 ||    31
Dodge: Dodged            |    33 |    54 |    52 ||   139
       Rpst.: Great sword |       |       |    16 ||    16
